Map: [ESL] Glittering Ashes

Players

SpeCial - Winner!

  • Race: Terran Terran

TIME (Oliveira)

  • Race: Terran Terran

Event: IEM Katowice 2022

VOD

Have the link to the VOD?

Description

Time

  • Played on: Feb. 24, 2022, 3:29 p.m.
  • Length: 9:58

All games in this series

Show
View Real Time Build Order
Export as new Build Order

SpeCial Terran - Winner!

Build Orders: Liberator Opening, Reaper Expand 

Get SALT Encoding   

  12  0:00  SCV  
  13  0:12  SCV  
  14  0:17  Supply Depot  
  14  0:24  SCV  
  15  0:38  SCV  
  15  0:40  Barracks  
  16  0:43  Refinery  
  16  0:50  SCV  
  17  1:03  SCV  
  18  1:15  SCV  
  19  1:28  Reaper, Orbital Command  
  20  1:38  Command Center  
  20  1:47  Supply Depot  
  20  1:53  SCV  
  21  2:00  Marine  
  22  2:06  SCV  
  22  2:07  Factory  
  23  2:13  Refinery  
  23  2:18  SCV  
  23  2:20  Barracks Reactor  
  24  2:30  SCV  
  25  2:42  SCV  
  26  2:53  Starport  
  26  2:54  SCV  
  27  3:00  Orbital Command  
  27  3:02  Hellion x2  
  30  3:06  SCV  
  30  3:07  Marine  
  32  3:15  Supply Depot  
  32  3:18  SCV  
  33  3:23  Hellion  
  33  3:24  Hellion  
  33  3:26  Marine  
  38  3:27  SCV  
  38  3:30  SCV  
  40  3:35  Liberator  
  40  3:39  SCV  
  44  3:44  Supply Depot  
  44  3:45  SCV  
  44  3:47  Hellion  
  47  3:51  SCV  
  47  3:52  Hellion  
  50  3:58  SCV  
  51  4:03  SCV, Refinery  
  52  4:10  SCV  
  52  4:13  Supply Depot  
  52  4:15  SCV  
  54  4:19  Starport Tech Lab  
  54  4:20  Factory Tech Lab, Marine x2  
  54  4:22  SCV  
  57  4:27  SCV  
  58  4:34  SCV  
  58  4:36  Command Center  
  59  4:39  Siege Tank  
  59  4:40  SCV  
  59  4:43  Raven  
  65  4:46  SCV  
  65  4:48  Command Center  
  65  4:52  Marine x2  
  67  4:56  SCV  
  67  4:58  SCV  
  59  5:08  SCV  
  59  5:09  Marine x2  
  59  5:11  SCV, Siege Tank  
  64  5:20  SCV  
  65  5:26  SCV, Raven  
  65  5:27  Marine x2  
  70  5:28  Supply Depot  
  70  5:33  Bunker  
  70  5:37  Supply Depot, SCV  
  70  5:38  SCV, Barracks  
  70  5:39  Barracks  
  72  5:43  Siege Tank  
  72  5:45  Marine x2  
  72  5:49  SCV  
  78  5:53  Engineering Bay x2  
  78  6:00  Orbital Command  
  80  6:04  Refinery  
  80  6:06  SCV x2  
  80  6:20  Viking x2  
  80  6:21  Marine, Stimpack  
  80  6:23  SCV  
  80  6:25  Terran Infantry Weapons Level 1, Terran Infantry Armor Level 1  
  86  6:30  Missile Turret  
  86  6:31  Barracks Reactor  
  86  6:36  Barracks Reactor  
  86  6:37  SCV  
  86  6:38  Missile Turret  
  86  6:39  Marine  
  87  6:40  SCV x2, Missile Turret  
  88  6:48  Siege Tank  
  88  6:49  Supply Depot  
  88  6:52  SCV x3  
  94  6:56  Supply Depot  
  94  6:59  Viking  
  94  7:00  Marine  
  97  7:03  Viking  
  97  7:06  Barracks  
  99  7:10  Barracks  
  99  7:11  Marine x2  
  99  7:13  Marine  
  99  7:14  Marine  
  103  7:16  Supply Depot  
  103  7:18  Marine  
  103  7:21  Supply Depot  
  104  7:24  Siege Tank  
  104  7:29  Marine x2  
  109  7:31  Marine  
  109  7:32  Marine  
  109  7:35  Medivac x2  
  109  7:36  Marine  
  114  7:43  SCV  
  110  7:47  Marine x2  
  110  7:49  Marine  
  111  7:53  Marine  
  111  7:54  Marine x2  
  111  7:56  Siege Tank  
  111  7:57  Marine  
  110  7:59  Orbital Command  
  110  8:01  SCV x2  
  110  8:05  Marine x2  
  114  8:06  Marine  
  114  8:11  Marine  
  114  8:12  Marine  
  118  8:13  SCV x2  
  118  8:16  Combat Shield  
  118  8:17  Armory  
  118  8:18  Barracks Reactor  
  118  8:19  Barracks Reactor  
  119  8:22  Marine x2  
  119  8:24  SCV, Marine  
  119  8:25  SCV  
  119  8:26  SCV  
  125  8:29  Marine  
  125  8:30  Marine, Siege Tank  
  130  8:35  Supply Depot  
  130  8:36  SCV, Sensor Tower  
  130  8:37  Refinery  
  130  8:40  Marine x2  
  133  8:42  Marine  
  133  8:43  SCV x2  
  133  8:47  Marine  
  133  8:48  SCV  
  138  8:54  Marine x2  
  135  8:56  Marine x2  
  135  8:58  SCV x2  
  135  9:00  SCV  
  135  9:01  Supply Depot, Refinery, Marine x4  
  144  9:04  Marine  
  144  9:05  Siege Tank  
  144  9:09  Medivac x2  
  149  9:20  Supply Depot x2, SCV x2, Marine x6  
  149  9:23  Marine x2  
  149  9:24  Marine  
  160  9:27  Supply Depot  
  158  9:38  Marine x6  
  162  9:44  Command Center  
Show
View Real Time Build Order
Export as new Build Order

TIME Terran 

Build Orders:  

Get SALT Encoding   

  12  0:00  SCV  
  13  0:12  SCV  
  14  0:17  Supply Depot  
  14  0:24  SCV  
  15  0:38  SCV  
  15  0:39  Barracks  
  16  0:43  Refinery  
  16  0:50  SCV  
  17  1:02  Barracks, SCV  
  18  1:10  Refinery  
  18  1:14  SCV  
  19  1:26  Reaper  
  19  1:29  Orbital Command  
  20  1:39  Supply Depot  
  20  1:50  Reaper  
  21  1:55  SCV  
  21  1:59  Reaper  
  23  2:07  SCV  
  23  2:08  Factory  
  24  2:13  Supply Depot  
  24  2:19  SCV  
  24  2:22  Reaper  
  25  2:31  SCV, Reaper  
  27  2:45  SCV  
  27  2:50  Command Center  
  28  2:56  Hellion  
  29  2:59  Reaper  
  29  3:03  SCV  
  29  3:05  Reaper  
  32  3:15  SCV  
  32  3:17  Supply Depot, Factory Tech Lab  
  33  3:27  SCV  
  33  3:36  Cyclone  
  33  3:37  Barracks Reactor  
  33  3:39  SCV  
  37  3:43  Barracks Tech Lab  
  33  3:59  SCV  
  33  4:03  Marine  
  33  4:04  Stimpack  
  33  4:05  Bunker  
  34  4:11  Starport  
  34  4:12  Orbital Command  
  34  4:14  SCV  
  34  4:15  Marine  
  34  4:16  Marine  
  36  4:18  Factory Reactor  
  36  4:20  Marine  
  37  4:26  SCV  
  38  4:33  Marine x2  
  38  4:37  SCV  
  38  4:38  SCV, Marine  
  43  4:49  SCV  
  43  4:50  SCV  
  43  4:51  Marine x2  
  47  4:56  Marine  
  48  5:01  SCV  
  48  5:02  SCV, Medivac x2  
  50  5:09  Marine x2  
  50  5:13  SCV  
  53  5:14  SCV, Marine  
  53  5:19  Siege Tank  
  53  5:20  Supply Depot  
  58  5:25  SCV  
  58  5:26  SCV  
  58  5:27  Marine x2  
  62  5:41  SCV, Marine  
  62  5:42  SCV  
  65  5:44  Supply Depot, Starport Reactor, Marine  
  65  5:45  Marine  
  65  5:46  Command Center  
  65  5:49  Combat Shield  
  67  5:54  SCV x2  
  67  5:55  Supply Depot  
  69  6:03  Barracks  
  69  6:06  SCV x2  
  69  6:10  Marine, Siege Tank  
  75  6:14  Refinery  
  75  6:15  Refinery, Marine  
  75  6:17  Marine  
  75  6:18  SCV  
  78  6:19  SCV  
  78  6:22  Supply Depot  
  79  6:29  Marine  
  79  6:32  SCV x2  
  82  6:35  Medivac  
  84  6:42  Engineering Bay  
  84  6:44  Engineering Bay  
  84  6:47  Marine  
  84  6:48  Marine  
  84  6:50  SCV x2  
  84  6:53  Marine  
  89  6:54  Marine  
  89  7:00  Orbital Command  
  90  7:05  SCV  
  90  7:06  SCV  
  92  7:12  Terran Infantry Weapons Level 1, Terran Infantry Armor Level 1  
  92  7:14  Marine  
  92  7:15  Marine  
  94  7:17  SCV  
  94  7:18  SCV  
  94  7:20  Marine x2  
  98  7:24  Siege Tank  
  98  7:26  SCV  
  102  7:36  SCV x2  
  104  7:40  Barracks x2  
  104  7:41  Missile Turret  
  102  7:47  Marine x2  
  97  7:52  Marine x2  
  97  7:54  Marine  
  97  7:56  Medivac x2  
  97  7:57  SCV  
  101  7:58  SCV  
  101  7:59  SCV  
  101  8:04  Marine  
  104  8:07  Armory, Marine  
  104  8:09  Missile Turret, SCV  
  104  8:10  Marine, Siege Tank  
  105  8:13  Marine  
  105  8:15  SCV x2, Marine  
  108  8:21  SCV  
  108  8:26  Supply Depot  
  109  8:28  Supply Depot, Barracks Reactor x2  
  109  8:41  SCV  
  109  8:47  Marine x5  
  109  8:48  SCV x2  
  116  8:53  SCV  
  87  8:58  Siege Tank  
  87  8:59  Medivac  
  87  9:00  SCV, Medivac  
  87  9:01  SCV  
  83  9:05  Marine x5  
  83  9:09  Marine  
  88  9:11  Marine  
  88  9:12  Marine x2  
  90  9:23  Marine x2  
  90  9:24  Marine  
  92  9:25  Barracks  
  92  9:26  Barracks  
  92  9:28  Barracks  
  92  9:30  Marine  
  94  9:32  Marine x2  
  94  9:33  Marine  
  94  9:38  Marine  
  98  9:41  SCV  
  98  9:44  SCV  
  102  9:47  Supply Depot  

Tags
 
Add a new tag
Caveats
  • Supply blocks, unpowered buildings, or Contaminate may cause inaccurate times.
  • Supply counts are checked every 10 seconds.